 Dungeon Crawl Stone Soup version 0.26.1-11-gd32895ea62 (webtiles) character file.

Game seed: 8710154316534556721

15906 Gerhazo the Destroyer (level 12, -6/91 HPs)
             Began as a Pale Draconian Conjurer on June 7, 2021.
             Was a High Priest of Vehumet.
             Killed from afar by a hell hound (15 damage)
             ... with a blast of flame
             ... led by Azrael
             ... on level 12 of the Dungeon.
             The game lasted 00:19:23 (11885 turns).

Gerhazo the Destroyer (Pale Draconian Conjurer)    Turns: 11885, Time: 00:19:24

Health: -6/91      AC: 10    Str:  9    XL:     12   Next: 5%
Magic:  16/24      EV: 17    Int: 23    God:    Vehumet [*****.]
Gold:   631        SH:  0    Dex: 11    Spells: 21/28 levels left

rFire    . . .     SeeInvis +   h - +4 scimitar (flame)
rCold    . . .     Faith    .   (no shield)
rNeg     . . .     Spirit   .   (armour unavailable)
rPois    .         Reflect  .   (helmet restricted)
rElec    .         Harm     .   (no cloak)
rCorr    .         Rampage  .   g - +0 pair of gloves
Will     .....                  m - +0 pair of boots
Stlth    ++........             d - amulet of magic regeneration
HPRegen  0.25/turn              f - +4 ring of evasion
MPRegen  0.44/turn              u - ring of see invisible

@: no status effects
A: breathe steam, unfitting armour, cold-blooded, AC +8
a: Breathe Steam, Renounce Religion


You were on level 12 of the Dungeon.
You worshipped Vehumet.
Vehumet was extremely pleased with you.
You visited 2 branches of the dungeon, and saw 13 of its levels.

You collected 631 gold pieces.

Inventory:

Hand Weapons
 h - a +4 scimitar of flaming (weapon)
Missiles
 l - 95 poisoned darts
Armour
 g - a +0 pair of gloves (worn)
 m - a +0 pair of boots (worn)
Jewellery
 d - an amulet of magic regeneration (around neck)
 f - a +4 ring of evasion (left hand)
 u - a ring of see invisible (right hand)
Wands
 j - a wand of flame (26)
 x - a wand of paralysis (12)
 C - a wand of enslavement (15)
 F - a wand of random effects (18)
Scrolls
 a - 4 scrolls of amnesia
 c - 2 scrolls of noise
 e - 7 scrolls of remove curse
 k - 2 scrolls of blinking
 n - 2 scrolls of fear
 s - 5 scrolls of teleportation
 t - 2 scrolls of enchant armour
 w - a scroll of magic mapping {unknown}
 y - 3 scrolls of random uselessness
 D - a scroll of brand weapon {unknown}
 E - a scroll of vulnerability
 H - 2 scrolls of enchant weapon {unknown}
 I - 2 scrolls of fog
 M - a scroll of silence {unknown}
Potions
 b - a potion of degeneration {unknown}
 o - 3 potions of heal wounds
 p - a potion of mutation {unknown}
 q - 2 potions of berserk rage
 v - 4 potions of flight
 z - 10 potions of curing
 A - a potion of might {unknown}
 B - 2 potions of lignification {unknown}
 J - a potion of magic {unknown}
 K - a potion of invisibility {unknown}
 L - 2 potions of brilliance {unknown}


   Skills:
 + Level 3.8 Fighting
 + Level 3.8 Dodging
 - Level 1.7 Stealth
 + Level 8.5 Spellcasting
 * Level 12.9 Conjurations
 * Level 11.9 Fire Magic


You had 21 spell levels left.
You knew the following spells:

 Your Spells              Type           Power        Failure   Level
a - Magic Dart            Conj           100%         1%          1
b - Searing Ray           Conj           100%         1%          2
d - Iskenderun's Mystic   Conj/Tloc      39%          1%          4

Your spell library contained the following spells:

 Spells                   Type           Power        Failure   Level
 Lee's Rapid Deconstruct  Erth           4%           41%         5
 Shock                    Conj/Air       100%         1%          1
 Conjure Flame            Conj/Fire      61%          1%          3
 Dazzling Flash           Conj/Hex       78%          1%          3
 Inner Flame              Hex/Fire       37%          1%          3
 Mephitic Cloud           Conj/Pois/Air  29%          1%          3
 Static Discharge         Conj/Air       39%          1%          3
 Fulminant Prism          Conj/Hex       19%          1%          4
 Lightning Bolt           Conj/Air       19%          3%          5
 Corona                   Hex            10%          7%          1
 Summon Small Mammal      Summ           36%          7%          1
 Blink                    Tloc           N/A          10%         2
 Call Imp                 Summ           9%           10%         2
 Slow                     Hex            9%           10%         2
 Swiftness                Air            9%           10%         2
 Airstrike                Air            4%           17%         4
 Call Canine Familiar     Summ           9%           21%         3
 Portal Projectile        Hex/Tloc       18%          21%         3
 Summon Guardian Golem    Hex/Summ       9%           21%         3
 Cause Fear               Hex            4%           54%         4
 Leda's Liquefaction      Hex/Erth       4%           54%         4
 Summon Ice Beast         Ice/Summ       9%           54%         4
 Summon Lightning Spire   Summ/Air       9%           54%         4


Dungeon Overview and Level Annotations

Branches:
Dungeon (12/15)            Temple (1/1) D:5            Lair (0/6) D:10
    Orc (0/2) D:11

Altars:
Ashenzari
Cheibriados
Dithmenos
Elyvilon
Fedhas
Gozag
Hepliaklqana
Kikubaaqudgha
Makhleb
Nemelex Xobeh
Okawaru
Qazlal
Ru
Sif Muna
Trog
Uskayaw
Vehumet
Wu Jian
Xom
Yredelemnul
Zin
The Shining One

Shops:
D:6 }}   D:9 *

Annotations:
D:4 3 runed translucent doors, H0rd4k's ghost, amateur OpTm
D:7 twoheaded ogre
D:12 Azrael


Innate Abilities, Weirdness & Mutations

You can breathe blasts of scalding, opaque steam.
Your pale cyan-grey scales are hard. (AC +8)
You cannot fit into any form of body armour.
You are cold-blooded and may be slowed by cold attacks.


Message History

A fire elemental comes into view.
The hell hound breathes flames at you. The blast of flame hits you!
* * * LOW HITPOINT WARNING * * *
A hell hound comes into view.
You have got your breath back.
Casting: Searing Ray (safe; 1% risk of failure)
Confirm with . or Enter, or press ? or * to list all spells.
You erupt in a blast of force!
The mystic blast hits the hell hound!
The hell hound is moderately wounded.
The hell hound is knocked back by the mystic blast.
The hell hound slams into the rock wall!
The mystic blast hits the hell hound!
The hell hound is moderately wounded.
The hell hound is knocked back by the mystic blast.
You hear an angry growl.
The hell hound breathes flames at you.
The blast of flame hits the hell hound.
The hell hound completely resists.
The blast of flame hits you!
You die... ...#...# #..######## ...§#..# #.........# ...§§#.# #.#######.# . ...§##.###†# #.# .$. ..§##...##†# #.####..#§# )..........# #hh.hR°.E§R

...#######.#
#.###...#☼#
..##
#.#######h###
....§ #.#
#......@h.[.#
.... #.#
#.#######.#..#
#.# #.# #.#
####.# # ...
#.# #.# ...
..# #.# ... ##
#... #.


You could see 2 hell hounds.

Vanquished Creatures
  A two-headed ogre (D:9)
  Erica (D:11)
  An unseen horror (D:11)
  An ugly thing (D:10)
  A manticore (D:11)
  A komodo dragon (D:10)
  A troll (D:9)
  5 slime creatures
  A wraith (D:10)
  A wyvern (D:8)
  19 yaks
  2 steam dragons (D:7)
  2 wargs (D:11)
  A hell hound (D:12)
  4 water moccasins (D:10)
  3 orc warriors
  4 ice beasts
  3 sky beasts (D:9)
  A hornet zombie (D:11)
  3 black bears
  7 ogres
  4 phantoms
  2 wolves (D:9)
  7 centaurs
  A big kobold (D:8)
  13 bullfrogs
  A water moccasin zombie (D:11)
  A gnoll sergeant (D:6)
  3 scorpions
  5 killer bees (D:11)
  3 howler monkeys (D:9)
  A quasit (D:8)
  4 hounds
  4 centaur zombies
  8 orc priests
  4 jellies
  4 bullfrog zombies
  3 centaur skeletons
  Jessica (D:2)
  Natasha (thrice) (D:2)
  An iguana (D:9)
  10 worker ants
  10 orc wizards
  A statue (D:6)
  A bullfrog simulacrum (D:12)
  3 hound zombies
  3 hound skeletons
  A howler monkey zombie (D:9)
  A worker ant zombie (D:5)
  15 gnolls
  10 adders
  A shadow imp (D:7)
  7 white imps
  2 ufetubi
  4 oozes
  An adder zombie (D:9)
  An adder skeleton (D:4)
  3 worms
  A dart slug (D:3)
  4 leopard geckos
  18 orcs
  2 giant cockroaches
  A hobgoblin (D:3)
  16 jackals
  16 kobolds
  3 quokkas
  A ball python (D:3)
  A ball python zombie (D:6)
  5 bats
  4 frilled lizards
  8 goblins
  A jackal skeleton (D:6)
  A leopard gecko skeleton (D:5)
  13 rats
305 creatures vanquished.

Vanquished Creatures (others)
  29 fungi
  32 plants (D:10)
61 creatures vanquished.

Grand Total: 366 creatures vanquished

Notes
Turn   | Place    | Note
-------+----------+-------------------------------------------
     0 | D:1      | Gerhazo the Draconian Conjurer began the quest for the Orb.
     0 | D:1      | Reached XP level 1. HP: 14/14 MP: 3/3
   469 | D:1      | Reached XP level 2. HP: 20/20 MP: 1/5
   811 | D:2      | Learned a level 2 spell: Searing Ray
  1234 | D:3      | Reached XP level 3. HP: 26/26 MP: 2/6
  1328 | D:3      | Noticed an ogre
  1335 | D:3      | Killed an ogre
  1336 | D:3      | Reached skill level 5 in Conjurations
  1336 | D:3      | Reached XP level 4. HP: 33/33 MP: 0/8
  1485 | D:4      | Found a hazy altar of Hepliaklqana.
  1486 | D:4      | Found a shadowy altar of Dithmenos.
  1486 | D:4      | Noticed a shadow
  1532 | D:4      | Found a stormy altar of Qazlal.
  1532 | D:4      | Found a snail-covered altar of Cheibriados.
  1568 | D:4      | Reached XP level 5. HP: 38/38 MP: 5/9
  1613 | D:4      | Reached skill level 6 in Conjurations
  1640 | D:4      | Found a runed translucent gate.
  1641 | D:4      | Found a runed translucent gate.
  1642 | D:4      | Found a runed translucent gate.
  1649 | D:4      | Noticed H0rd4k's ghost (amateur OpTm)
  1688 | D:4      | Found a basalt altar of Yredelemnul.
  1708 | D:4      | Reached XP level 6. HP: 33/45 MP: 4/11
  2331 | D:5      | Entered Level 5 of the Dungeon
  2369 | D:5      | Reached skill level 7 in Conjurations
  2602 | D:5      | Found a staircase to the Ecumenical Temple.
  2647 | Temple   | Entered the Ecumenical Temple
  2761 | D:5      | Your scales start taking on a pale cyan-grey colour.
  2761 | D:5      | Reached XP level 7. HP: 50/50 MP: 9/13
  2852 | D:5      | Reached skill level 1 in Fire Magic
  2968 | D:6      | Found a radiant altar of Vehumet.
  3029 | D:6      | Became a worshipper of Vehumet
  3366 | D:2      | Noticed Jessica
  3370 | D:2      | Killed Jessica
  3372 | D:2      | Found a sacrificial altar of Ru.
  3445 | D:2      | Found an iron altar of Okawaru.
  3941 | D:2      | Noticed Natasha
  3947 | D:2      | Killed Natasha
  4292 | D:2      | Learned a level 4 spell: Iskenderun's Mystic Blast
  4350 | D:2      | Noticed Natasha
  4360 | D:2      | Killed Natasha
  4624 | D:2      | Noticed Natasha
  4636 | D:2      | Killed Natasha
  4808 | D:3      | Reached * piety under Vehumet
  4808 | D:3      | Offered knowledge of Sandblast by Vehumet.
  5206 | D:6      | Reached skill level 8 in Conjurations
  5301 | D:6      | Found Minoic's Gadget Boutique.
  5344 | D:6      | Found Dyikh's Gadget Shoppe.
  5433 | D:6      | Reached XP level 8. HP: 57/57 MP: 13/15
  5542 | D:6      | Reached skill level 5 in Spellcasting
  6020 | D:7      | Reached skill level 5 in Fire Magic
  6111 | D:7      | Found an opulent altar of Gozag.
  6217 | D:7      | Offered knowledge of Foxfire by Vehumet.
  6259 | D:7      | Reached ** piety under Vehumet
  6260 | D:7      | Reached skill level 9 in Conjurations
  6395 | D:7      | Found a glowing silver altar of Zin.
  6505 | D:7      | Reached XP level 9. HP: 62/62 MP: 14/17
  6549 | D:7      | Found a shimmering blue altar of Sif Muna.
  7217 | D:8      | Reached skill level 10 in Conjurations
  7340 | D:8      | Offered knowledge of Static Discharge by Vehumet.
  7453 | D:8      | Noticed a two-headed ogre
  7827 | D:8      | Found a bloodstained altar of Trog.
  7988 | D:8      | Reached *** piety under Vehumet
  8285 | D:9      | Noticed a two-headed ogre
  8302 | D:9      | Killed a two-headed ogre
  8303 | D:9      | Reached XP level 10. HP: 34/69 MP: 11/20
  8605 | D:9      | Offered knowledge of Olgreb's Toxic Radiance by Vehumet.
  8733 | D:9      | Found a glowing golden altar of the Shining One.
  8938 | D:9      | Reached skill level 11 in Conjurations
  8960 | D:9      | Found Imifyva's Assorted Antiques.
  8990 | D:9      | Reached **** piety under Vehumet
  9106 | D:9      | Offered knowledge of Frozen Ramparts by Vehumet.
  9395 | D:10     | Entered Level 10 of the Dungeon
  9728 | D:10     | Reached skill level 10 in Fire Magic
  9807 | D:10     | Found a staircase to the Lair.
  9889 | D:10     | Reached XP level 11. HP: 74/74 MP: 19/22
  9893 | D:10     | Reached skill level 12 in Conjurations
 10013 | D:10     | Noticed a red ugly thing
 10021 | D:10     | Killed a red ugly thing
 10155 | D:10     | Reached skill level 1 in Fighting
 10567 | D:11     | Found a staircase to the Orcish Mines.
 10567 | D:11     | Noticed Erica
 10808 | D:11     | Killed Erica
 11113 | D:11     | Noticed an unseen horror
 11120 | D:11     | Killed an unseen horror
 11689 | D:11     | Reached ***** piety under Vehumet
 11689 | D:11     | Offered knowledge of Lee's Rapid Deconstruction by Vehumet.
 11840 | D:12     | Reached XP level 12. HP: 90/91 MP: 24/24
 11873 | D:12     | Noticed Azrael
 11885 | D:12     | Killed from afar by a hell hound

Illustrated notes

Levels and vault maps discovered:
D:1:      dpeg_arrival_ratfight, layout_basic, nrook_mini_vaults
D:2:      kennysheep_big_flooded_room, layout_loops_ring, lemuel_doored_altar,
          lemuel_coloured_pillars_altar, minmay_misc_feat_rows, uniq_jessica,
          uniq_natasha
D:3:      layout_basic, interstate_on_off, grunt_decor_arrowhead,
          chequers_serial_rivers_micro_e
D:4:      layout_gridville, riverfiend_overflow_shadow_ancestor,
          kennysheep_mini, gammafunk_temple_overflow_wave,
          gammafunk_ghost_necromancy
D:5:      layout_gridville, temple_hall
D:6:      layout_loops_cross, vehumet_statue, serial_shops,
          nicolae_shop_waterfront, kennysheep_windowed_goal
D:7:      kennysheep_steamy, layout_loops_ring, lemuel_crystal_altar,
          nicolae_overflow_hidden_temple, marbit_many_paths
D:8:      layout_loops_ring, trog_ov_bears_minmay
D:9:      layout_cave_pods, kennysheep_mini_moat, serial_ice, serial_ice_c,
          serial_ice_e, serial_ice_j, serial_ice_d, serial_shops, shop
D:10:     layout_cave_pools, due_lair_maze_entry_diamond
D:11:     layout_roguey, minmay_orc_entry_guard_dogs, uniq_erica
D:12:     layout_loops_ring, serial_ice, serial_ice_g, serial_ice_o,
          serial_ice_b, serial_ice_h, portal_ice_cave_entry_animals_and_master,
          uniq_josephine, uniq_azrael
Temple:   dpeg_three_leaves_temple

Skill      XL: |  1  2  3  4  5  6  7  8  9 10 11 |
---------------+----------------------------------+-----
Spellcasting   | 3 4 5 6 7 8 |  8.5
Conjurations   | 5 6 7 8 9 10 11 12 | 12.9
Fire Magic     | 3 6 8 10 11 | 11.9
Dodging        | 3 |  3.8
Fighting       | 3 |  3.8
Stealth        | |  1.7

Action                   |  1- 3 |  4- 6 |  7- 9 | 10-12 || total
-------------------------+-------+-------+-------+-------++-------
Melee: Unarmed           |     1 |       |       |       ||     1
       Flail             |     8 |     3 |     3 |     3 ||    17
       Mace              |     5 |       |       |       ||     5
       Tailslap          |     3 |       |       |     1 ||     4
       Scimitar          |       |       |       |     3 ||     3
Throw: Dart              |       |       |     4 |       ||     4
 Cast: Magic Dart        |    20 |       |       |       ||    20
       Searing Ray       |     7 |    26 |   130 |   120 ||   283
       Iskenderun's Myst |       |       |     5 |    24 ||    29
 Abil: Breathe Steam     |       |       |     5 |    17 ||    22
  Use: Scroll            |       |       |       |    16 ||    16
Armor: Skin              |     6 |     2 |    30 |    20 ||    58
Dodge: Dodged            |    18 |    14 |    71 |    92 ||   195
       Rpst.: Scimitar   |       |       |       |    10 ||    10
